[Event "11th LCC Super Blitz 2019"]
[Site "London"]
[Date "2019.12.08"]
[Round "1.1"]
[White "Howell, David Wl"]
[Black "Davis, Holden"]
[Result "1-0"]
[ECO "A80"]
[WhiteElo "2650"]
[BlackElo "1769"]
[Annotator "ChessBase"]
[PlyCount "27"]
[EventDate "2019.12.08"]
[EventType "swiss"]
[EventCountry "ENG"]
[SourceTitle "playchess.com"]
[Source "ChessBase"]
[SourceQuality "1"]
[TimeControl "180+2"]

1. d4 e6 2. Bf4 f5 3. e3 Nf6 4. h3 b6 5. Be2 Bb7 6. Bf3 Ne4 7. Nd2 d5 8. Be5 Rg8 9. Bxe4 dxe4 10. Qh5+ Kd7 11. Qxh7 Be7 12. Ne2 Nc6 13. O-O-O Qf8 14. Qg6 1-0

[Event "11th LCC Super Blitz 2019"]
[Site "London"]
[Date "2019.12.08"]
[Round "1.2"]
[White "Rowson, Jonathan"]
[Black "Ignatovic, Ernest"]
[Result "1-0"]
[ECO "A53"]
[WhiteElo "2561"]
[BlackElo "1703"]
[Annotator "ChessBase"]
[PlyCount "72"]
[EventDate "2019.12.08"]
[EventType "swiss"]
[EventCountry "ENG"]
[SourceTitle "playchess.com"]
[Source "ChessBase"]
[SourceQuality "1"]
[TimeControl "180+2"]

1. d4 Nf6 2. c4 d6 3. Nc3 e5 4. dxe5 dxe5 5. Qxd8+ Kxd8 6. Nf3 Nfd7 7. g4 h6 8. b3 c6 9. Bb2 Kc7 10. O-O-O a5 11. Rg1 f6 12. Nh4 Nc5 13. Ng6 Rg8 14. Nxf8 Rxf8 15. Ba3 Nba6 16. Ne4 Nxe4 17. Bxf8 Nxf2 18. Re1 Bxg4 19. Bxg7 Nb4 20. Bxf6 Bf5 21. Bxe5+ Kd7 22. Rg7+ Ke6 23. Bg3 Ne4 24. a3 Nxg3 25. hxg3 Na6 26. e4 Kf6 27. Rxb7 Bg4 28. e5+ Ke6 29. Be2 Bf5 30. b4 Rg8 31. g4 Be4 32. c5 axb4 33. axb4 Nb8 34. Bc4+ Bd5 35. Bxd5+ cxd5 36. b5 Rxg4 1-0

[Event "11th LCC Super Blitz 2019"]
[Site "London"]
[Date "2019.12.08"]
[Round "1.2"]
[White "Dhemrait, Jagdeep"]
[Black "Pert, Nicholas"]
[Result "0-1"]
[ECO "B30"]
[WhiteElo "1834"]
[BlackElo "2560"]
[Annotator "ChessBase"]
[PlyCount "46"]
[EventDate "2019.12.08"]
[EventType "swiss"]
[EventCountry "ENG"]
[SourceTitle "playchess.com"]
[Source "ChessBase"]
[SourceQuality "1"]
[TimeControl "180+2"]

1. e4 c5 2. Nc3 Nc6 3. Nf3 e5 4. Bc4 d6 5. d3 Be7 6. h3 Nf6 7. Bg5 O-O 8. O-O Be6 9. Bxe6 fxe6 10. Qd2 Qe8 11. Ne2 Qg6 12. Nh4 Qf7 13. Ng3 h6 14. Bxf6 Bxf6 15. Nf3 Qg6 16. c3 Rf7 17. a3 Raf8 18. b4 b6 19. bxc5 bxc5 20. Rab1 Bd8 21. d4 cxd4 22. cxd4 Rxf3 23. gxf3 Nxd4 0-1

[Event "11th LCC Super Blitz 2019"]
[Site "London"]
[Date "2019.12.08"]
[Round "1.3"]
[White "Grover, Sahaj"]
[Black "Zhao, Haolin"]
[Result "1-0"]
[ECO "C40"]
[WhiteElo "2486"]
[BlackElo "1725"]
[Annotator "ChessBase"]
[PlyCount "123"]
[EventDate "2019.12.08"]
[EventType "swiss"]
[EventCountry "ENG"]
[SourceTitle "playchess.com"]
[Source "ChessBase"]
[SourceQuality "1"]
[TimeControl "180+2"]

1. e4 e5 2. Nf3 Qe7 3. Nc3 Nc6 4. Bc4 g6 5. d3 Bg7 6. Bg5 Nf6 7. Nd5 Qd8 8. Qd2 h6 9. Nxf6+ Bxf6 10. Bxh6 d6 11. h3 Be6 12. Bxe6 fxe6 13. Bg5 Qe7 14. Bxf6 Qxf6 15. Qg5 Qxg5 16. Nxg5 Ke7 17. h4 Rag8 18. c3 Nd8 19. Ke2 Nf7 20. Nxf7 Kxf7 21. Raf1 g5 22. hxg5 Rxh1 23. Rxh1 Kg6 24. Rh6+ Kxg5 25. Rxe6 Rg7 26. g3 Rf7 27. Re8 b6 28. b4 c5 29. b5 Rd7 30. a4 Kf6 31. Ke3 Kf7 32. Rc8 Ke6 33. Re8+ Kf7 34. Rh8 Kg6 35. f4 exf4+ 36. gxf4 d5 37. exd5 Rxd5 38. Ke4 Rd7 39. d4 cxd4 40. cxd4 Re7+ 41. Kd5 Rd7+ 42. Ke5 Kg7 43. Ra8 Re7+ 44. Kd6 Rf7 45. d5 Rxf4 46. Rxa7+ Kg6 47. Kc6 Rf6+ 48. d6 Kf5 49. Re7 Rf8 50. d7 Ra8 51. Re8 Rxa4 52. d8=Q Rc4+ 53. Kxb6 Rf4 54. Qd7+ Kg5 55. Rg8+ Kf6 56. Qd6+ Kf5 57. Rf8+ Kg5 58. Rxf4 Kh5 59. Qe5+ Kg6 60. Rf6+ Kg7 61. Qe7+ Kg8 62. Rf8# 1-0

[Event "11th LCC Super Blitz 2019"]
[Site "London"]
[Date "2019.12.08"]
[Round "1.3"]
[White "Arkell, Keith C"]
[Black "Watson, Steven L"]
[Result "1-0"]
[ECO "D36"]
[WhiteElo "2453"]
[BlackElo "1634"]
[Annotator "ChessBase"]
[PlyCount "55"]
[EventDate "2019.12.08"]
[EventType "swiss"]
[EventCountry "ENG"]
[SourceTitle "playchess.com"]
[Source "ChessBase"]
[SourceQuality "1"]
[TimeControl "180+2"]

1. d4 Nf6 2. Nf3 d5 3. c4 e6 4. cxd5 exd5 5. Nc3 Be7 6. Bg5 O-O 7. e3 Nbd7 8. Bd3 h6 9. Bh4 c6 10. Qc2 Re8 11. O-O Nf8 12. Ne5 Be6 13. f4 Ng4 14. Bxe7 Qxe7 15. Nxg4 Bxg4 16. Rae1 Nd7 17. f5 f6 18. e4 dxe4 19. Rxe4 Qd8 20. Rxg4 Nb6 21. Qb3+ Kh8 22. h3 Qc7 23. Re4 Rad8 24. Rfe1 Rxe4 25. Rxe4 Rf8 26. Qe6 Nd7 27. Qe7 Rd8 28. Bc4 1-0

[Event "11th LCC Super Blitz 2019"]
[Site "London"]
[Date "2019.12.08"]
[Round "1.3"]
[White "Mohnblatt, Nicolas"]
[Black "Maze, Sebastien"]
[Result "0-1"]
[ECO "D00"]
[WhiteElo "1689"]
[BlackElo "2549"]
[Annotator "ChessBase"]
[PlyCount "58"]
[EventDate "2019.12.08"]
[EventType "swiss"]
[EventCountry "ENG"]
[SourceTitle "playchess.com"]
[Source "ChessBase"]
[SourceQuality "1"]
[TimeControl "180+2"]

1. d4 Nf6 2. Nc3 d5 3. Bf4 a6 4. e3 e6 5. Nf3 c5 6. Be2 Nbd7 7. O-O b5 8. Ne5 Bb7 9. Re1 Rc8 10. Nb1 Nxe5 11. Bxe5 Bd6 12. Bxd6 Qxd6 13. c3 O-O 14. Nd2 e5 15. dxe5 Qxe5 16. Nf3 Qc7 17. Bd3 Rcd8 18. Qb1 Bc6 19. e4 dxe4 20. Bxe4 Nxe4 21. Rxe4 Bxe4 22. Qxe4 Rfe8 23. Qg4 Qd7 24. Qxd7 Rxd7 25. Kf1 h6 26. a4 b4 27. cxb4 cxb4 28. Rc1 g5 29. Rc6 Rd1+ 0-1

[Event "11th LCC Super Blitz 2019"]
[Site "London"]
[Date "2019.12.08"]
[Round "1.4"]
[White "Wallace, John Paul"]
[Black "Jackson, Julius"]
[Result "1-0"]
[ECO "D06"]
[WhiteElo "2344"]
[BlackElo "1584"]
[Annotator "NA"]
[PlyCount "45"]
[EventDate "2019.12.08"]
[EventType "swiss"]
[EventCountry "ENG"]
[SourceTitle "playchess.com"]
[Source "ChessBase"]
[SourceQuality "1"]
[TimeControl "180+2"]

1. d4 Nf6 2. c4 d5 3. cxd5 Nxd5 4. Nf3 Bg4 5. e4 Nf6 6. Nc3 e6 7. Be2 Nc6 8. Be3 Bb4 9. Qd3 O-O 10. Rd1 Qd7 11. O-O Rad8 12. Qc2 Qe7 13. h3 Bh5 14. Na4 Rd7 15. a3 Ba5 16. Nc5 Rdd8 17. Nxb7 Rb8 18. Qxc6 Bb6 19. b4 Bg6 20. Nd2 Rfe8 21. f3 Nd7 22. Nc5 Nxc5 23. dxc5 1-0

[Event "11th LCC Super Blitz 2019"]
[Site "London"]
[Date "2019.12.08"]
[Round "1.5"]
[White "Willow, Jonah B"]
[Black "Van Zyl-Rudd, Jack"]
[Result "1-0"]
[ECO "B08"]
[WhiteElo "2355"]
[BlackElo "2290"]
[Annotator "NA"]
[PlyCount "69"]
[EventDate "2019.12.08"]
[EventType "swiss"]
[EventCountry "ENG"]
[SourceTitle "playchess.com"]
[Source "ChessBase"]
[SourceQuality "1"]
[TimeControl "180+2"]

1. e4 Nc6 2. Nf3 d6 3. d4 Nf6 4. Nc3 g6 5. Bd3 Bg7 6. O-O O-O 7. h3 e5 8. d5 Ne7 9. Nd2 Nh5 10. Be2 Nf4 11. Nc4 Nxe2+ 12. Qxe2 f5 13. f4 exf4 14. Bxf4 fxe4 15. Qxe4 Bf5 16. Qf3 Bxc2 17. Qe2 Bf5 18. Bg5 Re8 19. Rae1 Qd7 20. Bxe7 Bf8 21. g4 Rxe7 22. Qd1 b5 23. Rxe7 Qxe7 24. Nxb5 Be4 25. Re1 Re8 26. Nc3 Qh4 27. Nxe4 Rxe4 28. Rxe4 Qg3+ 29. Kf1 Qxh3+ 30. Kf2 Qh2+ 31. Ke3 Qg3+ 32. Qf3 Qe1+ 33. Qe2 Qg3+ 34. Kd2 Bh6+ 35. Kc2 1-0

[Event "11th LCC Super Blitz 2019"]
[Site "London"]
[Date "2019.12.08"]
[Round "1.5"]
[White "Cox, John J"]
[Black "Onslow, Teddy"]
[Result "1-0"]
[ECO "A14"]
[WhiteElo "2346"]
[BlackElo "1647"]
[Annotator "NA"]
[PlyCount "91"]
[EventDate "2019.12.08"]
[EventType "swiss"]
[EventCountry "ENG"]
[SourceTitle "playchess.com"]
[Source "ChessBase"]
[SourceQuality "1"]
[TimeControl "180+2"]

1. c4 e6 2. Nf3 Nf6 3. g3 d5 4. Bg2 Be7 5. O-O O-O 6. b3 c5 7. e3 Nc6 8. Bb2 a6 9. Nc3 Bd7 10. cxd5 exd5 11. d4 cxd4 12. Nxd4 Nxd4 13. Qxd4 Bc6 14. Rfd1 Rc8 15. Nxd5 Bxd5 16. Bxd5 Qxd5 17. Qxd5 Nxd5 18. Rxd5 Rc2 19. Be5 f6 20. Bd4 b5 21. a4 b4 22. Rd7 Kf7 23. Ra7 Rc6 24. Rd1 Rd8 25. Kf1 Ke6 26. Ke2 Rc2+ 27. Rd2 Rc6 28. a5 Kf7 29. Bb6 Rxd2+ 30. Kxd2 Rc3 31. Bd4 Rxb3 32. Bc5 Rb2+ 33. Kd3 Rxf2 34. Bxb4 Rxh2 35. Rxe7+ Kg6 36. Re6 Rh3 37. Bd6 Rh2 38. Bf4 h6 39. Rxa6 Kf5 40. Ra7 g5 41. Bd6 Kg4 42. a6 h5 43. Rf7 h4 44. gxh4 Rxh4 45. a7 Rh8 46. Bb8 1-0

[Event "11th LCC Super Blitz 2019"]
[Site "London"]
[Date "2019.12.08"]
[Round "1.5"]
[White "Ismail, Mohammed Aayan"]
[Black "Bukojemski, Adam"]
[Result "0-1"]
[ECO "A36"]
[WhiteElo "1641"]
[BlackElo "2219"]
[Annotator "NA"]
[PlyCount "72"]
[EventDate "2019.12.08"]
[EventType "swiss"]
[EventCountry "ENG"]
[SourceTitle "playchess.com"]
[Source "ChessBase"]
[SourceQuality "1"]
[TimeControl "180+2"]

1. c4 Nf6 2. Nc3 c5 3. g3 g6 4. Bg2 Bg7 5. e3 d6 6. Nge2 Nc6 7. h3 Bf5 8. d3 h5 9. e4 Bd7 10. Be3 e5 11. Qd2 Nd4 12. Bxd4 cxd4 13. Nd5 Nxd5 14. cxd5 Qb6 15. O-O O-O 16. f4 Bh6 17. b3 a5 18. Qb2 a4 19. b4 a3 20. Qd2 h4 21. g4 exf4 22. Nxf4 Rac8 23. Qf2 Rc3 24. Qxh4 Bxf4 25. Rxf4 Rxd3 26. Kh2 Rd2 27. Raf1 d3 28. Rxf7 Rxf7 29. Rxf7 Kxf7 30. Qh7+ Ke8 31. Qg8+ Ke7 32. Qg7+ Kd8 33. Qc3 Qf2 34. Qh8+ Kc7 35. Qc3+ Kb6 36. Qd4+ Qxd4 0-1

[Event "11th LCC Super Blitz 2019"]
[Site "London"]
[Date "2019.12.08"]
[Round "1.6"]
[White "Brass, Ezra"]
[Black "Klingher, Dominic"]
[Result "0-1"]
[ECO "C14"]
[WhiteElo "1628"]
[BlackElo "2071"]
[Annotator "NA"]
[PlyCount "82"]
[EventDate "2019.12.08"]
[EventType "swiss"]
[EventCountry "ENG"]
[SourceTitle "playchess.com"]
[Source "ChessBase"]
[SourceQuality "1"]
[TimeControl "180+2"]

1. e4 e6 2. d4 d5 3. Nc3 Nf6 4. Bg5 Be7 5. e5 Nfd7 6. Be3 c5 7. Nf3 Nc6 8. Bb5 cxd4 9. Bxd4 Nxd4 10. Qxd4 a6 11. Bd3 Bc5 12. Qg4 g6 13. h4 h5 14. Qg3 Rg8 15. Ng5 Qe7 16. Qf4 b5 17. a3 Bb7 18. b4 Bb6 19. O-O Rf8 20. a4 Rc8 21. Ne2 Bc7 22. axb5 Bxe5 23. Qe3 axb5 24. Bxb5 f6 25. Nf3 Bxa1 26. Rxa1 Kf7 27. Nfd4 e5 28. Nb3 Rc7 29. Ra7 Rfc8 30. Nc3 Rxc3 31. Qe2 Bc6 32. Ba6 Rb8 33. Bd3 Qxb4 34. Qf3 Qxh4 35. Rxd7+ Bxd7 36. Qxd5+ Be6 37. Qf3 Qf4 38. Qe2 Rbxb3 39. cxb3 Rc1+ 40. Qf1 Rxf1+ 41. Bxf1 Bxb3 0-1

[Event "11th LCC Super Blitz 2019"]
[Site "London"]
[Date "2019.12.08"]
[Round "1.6"]
[White "Toh, Q Kane"]
[Black "Roberson, Peter T"]
[Result "0-1"]
[ECO "A65"]
[WhiteElo "1606"]
[BlackElo "2282"]
[Annotator "NA"]
[PlyCount "56"]
[EventDate "2019.12.08"]
[EventType "swiss"]
[EventCountry "ENG"]
[SourceTitle "playchess.com"]
[Source "ChessBase"]
[SourceQuality "1"]
[TimeControl "180+2"]

1. d4 Nf6 2. c4 e6 3. Nc3 c5 4. d5 exd5 5. cxd5 d6 6. e4 g6 7. Bd3 Bg7 8. h3 a6 9. a4 Nbd7 10. Nf3 Nh5 11. O-O Ne5 12. Bc2 O-O 13. Be3 Bd7 14. a5 Rb8 15. Nxe5 Bxe5 16. f4 Bg7 17. Qd2 b5 18. axb6 Rxb6 19. Ra2 Re8 20. e5 dxe5 21. Bxc5 exf4 22. Bxb6 Qxb6+ 23. Kh2 Re3 24. Re1 Be5 25. Qf2 f3+ 26. Kh1 Ng3+ 27. Kh2 Rxe1 28. Qxe1 f2 0-1

[Event "11th LCC Super Blitz 2019"]
[Site "London"]
[Date "2019.12.08"]
[Round "1.7"]
[White "Petrov, Vladimir Sergeev"]
[Black "Bergner, Matthias"]
[Result "1-0"]
[ECO "C06"]
[WhiteElo "2355"]
[BlackElo "1632"]
[Annotator "NA"]
[PlyCount "51"]
[EventDate "2019.12.08"]
[EventType "swiss"]
[EventCountry "ENG"]
[SourceTitle "playchess.com"]
[Source "ChessBase"]
[SourceQuality "1"]
[TimeControl "180+2"]

1. e4 e6 2. d4 d5 3. Nd2 Nf6 4. e5 Nfd7 5. Bd3 c5 6. c3 Nc6 7. Ne2 Be7 8. O-O O-O 9. Nf3 cxd4 10. cxd4 f5 11. exf6 Nxf6 12. Bf4 Bd7 13. Rc1 Rc8 14. Bb1 a6 15. Ng3 b5 16. a3 Na5 17. Qd3 Rxc1 18. Rxc1 g6 19. Ne5 Nc6 20. Nxc6 Bxc6 21. Rxc6 Qd7 22. Rc7 Qe8 23. Be5 Nd7 24. Ne2 Nxe5 25. dxe5 Qd8 26. Rc6 1-0

[Event "11th LCC Super Blitz 2019"]
[Site "London"]
[Date "2019.12.08"]
[Round "1.7"]
[White "Stoyanov, Viktor"]
[Black "Caceres De La Calle, Eduardo"]
[Result "1-0"]
[ECO "C90"]
[WhiteElo "2191"]
[BlackElo "1575"]
[Annotator "NA"]
[PlyCount "79"]
[EventDate "2019.12.08"]
[EventType "swiss"]
[EventCountry "ENG"]
[SourceTitle "playchess.com"]
[Source "ChessBase"]
[SourceQuality "1"]
[TimeControl "180+2"]

1. e4 e5 2. Nf3 Nc6 3. Bb5 a6 4. Ba4 Nf6 5. O-O Be7 6. Re1 d6 7. h3 b5 8. Bb3 Na5 9. d4 Nxb3 10. axb3 exd4 11. Nxd4 Bb7 12. Nf5 O-O 13. Nc3 Re8 14. Qf3 Bf8 15. Qg3 Nh5 16. Nh6+ Kh8 17. Nxf7+ Kg8 18. Nxd8 Nxg3 19. Nxb7 Nh5 20. Be3 Nf6 21. f3 Rab8 22. Na5 Rbd8 23. Nc6 Rd7 24. Rxa6 d5 25. e5 Nh5 26. Nxb5 Ng3 27. Nbd4 g6 28. Bf2 Nh5 29. e6 Rd6 30. e7 Bg7 31. c3 Bxd4 32. Bxd4 Nf4 33. b4 Nd3 34. Re2 Nf4 35. Rd2 Kf7 36. b5 Ne6 37. Ne5+ Kxe7 38. Rxd6 cxd6 39. Nc6+ Kd7 40. Nb4 1-0

[Event "11th LCC Super Blitz 2019"]
[Site "London"]
[Date "2019.12.08"]
[Round "1.7"]
[White "John, Joshua"]
[Black "Stepanyan, Henrik"]
[Result "1-0"]
[ECO "D32"]
[WhiteElo "1694"]
[BlackElo "2193"]
[Annotator "NA"]
[PlyCount "63"]
[EventDate "2019.12.08"]
[EventType "swiss"]
[EventCountry "ENG"]
[SourceTitle "playchess.com"]
[Source "ChessBase"]
[SourceQuality "1"]
[TimeControl "180+2"]

1. d4 d5 2. Nf3 Nf6 3. c4 e6 4. Nc3 c5 5. cxd5 exd5 6. Bg5 Be7 7. dxc5 O-O 8. e3 Be6 9. b4 b6 10. cxb6 Qxb6 11. a3 Nbd7 12. Be2 Rfc8 13. Rc1 a5 14. Na4 Qb7 15. Nc5 Nxc5 16. bxc5 Ne4 17. Bxe7 Qxe7 18. O-O Rxc5 19. Qd4 Rxc1 20. Rxc1 Qxa3 21. Rc7 Qd6 22. Rc1 a4 23. Nd2 Nxd2 24. Qxd2 a3 25. Ra1 Qc5 26. Rc1 Qb6 27. Ra1 g6 28. Qc3 Qa7 29. h3 a2 30. Bd1 Rb8 31. Bb3 Qa3 32. Rxa2 1-0

[Event "11th LCC Super Blitz 2019"]
[Site "London"]
[Date "2019.12.08"]
[Round "1.8"]
[White "Kirupakaran, Vishnu"]
[Black "Rishi, Thariani"]
[Result "1/2-1/2"]
[ECO "B00"]
[WhiteElo "1871"]
[BlackElo "2008"]
[Annotator "NA"]
[PlyCount "24"]
[EventDate "2019.12.08"]
[EventType "swiss"]
[EventCountry "ENG"]
[SourceTitle "playchess.com"]
[Source "ChessBase"]
[SourceQuality "1"]
[TimeControl "180+2"]

1. e4 b6 2. d4 Bb7 3. Bd3 d6 4. c4 Nd7 5. Nf3 g6 6. Qe2 Bg7 7. Nc3 c5 8. d5 Ngf6 9. O-O O-O 10. Kh1 h6 11. Be3 Ng4 12. Bd2 e5 1/2-1/2

[Event "11th LCC Super Blitz 2019"]
[Site "London"]
[Date "2019.12.08"]
[Round "1.9"]
[White "Pappelis, Dimitrios"]
[Black "Sandhu, Manvith"]
[Result "1-0"]
[ECO "B22"]
[WhiteElo "2160"]
[BlackElo "1673"]
[Annotator "NA"]
[PlyCount "69"]
[EventDate "2019.12.08"]
[EventType "swiss"]
[EventCountry "ENG"]
[SourceTitle "playchess.com"]
[Source "ChessBase"]
[SourceQuality "1"]
[TimeControl "180+2"]

1. c4 c6 2. e4 d5 3. exd5 cxd5 4. d4 e6 5. Nc3 Nf6 6. Nf3 Nc6 7. cxd5 Nxd5 8. Bd3 Bb4 9. Bd2 Nxc3 10. bxc3 Bd6 11. O-O O-O 12. Re1 Qc7 13. h3 b6 14. Bxh7+ Kh8 15. Bd3 Bf4 16. Bxf4 Qxf4 17. Re4 Qf6 18. Rh4+ Kg8 19. Bh7+ Kh8 20. Be4+ Kg8 21. Bxc6 Rb8 22. Qd3 g6 23. Re1 Rd8 24. Qe4 Rd6 25. Ne5 Qg7 26. Rf4 f5 27. Qf3 g5 28. Qh5 gxf4 29. Qe8+ Kh7 30. Qh5+ Kg8 31. Qe8+ Kh7 32. Qh5+ Kg8 33. Be8 Bb7 34. Bf7+ Kf8 35. d5 1-0

[Event "11th LCC Super Blitz 2019"]
[Site "London"]
[Date "2019.12.08"]
[Round "1.9"]
[White "Balaji, Aaravamudhan"]
[Black "Fisher, Neal"]
[Result "1-0"]
[ECO "D25"]
[WhiteElo "2120"]
[BlackElo "1522"]
[Annotator "NA"]
[PlyCount "38"]
[EventDate "2019.12.08"]
[EventType "swiss"]
[EventCountry "ENG"]
[SourceTitle "playchess.com"]
[Source "ChessBase"]
[SourceQuality "1"]
[TimeControl "180+2"]

1. d4 d5 2. c4 dxc4 3. Nf3 Nf6 4. e3 c6 5. Bxc4 e6 6. O-O Be7 7. Nbd2 O-O 8. b3 Nbd7 9. Bb2 Nb6 10. Be2 Qc7 11. Qc2 Bb4 12. e4 Bxd2 13. Nxd2 Re8 14. e5 Nfd5 15. Ne4 Qe7 16. Nd6 Rd8 17. a3 Nf4 18. Bf3 Ng6 19. b4 Nd5 1-0

[Event "11th LCC Super Blitz 2019"]
[Site "London"]
[Date "2019.12.08"]
[Round "1.9"]
[White "Lovell, William Pm"]
[Black "Marusenko, Petr"]
[Result "0-1"]
[ECO "A12"]
[WhiteElo "1831"]
[BlackElo "2085"]
[Annotator "NA"]
[PlyCount "94"]
[EventDate "2019.12.08"]
[EventType "swiss"]
[EventCountry "ENG"]
[SourceTitle "playchess.com"]
[Source "ChessBase"]
[SourceQuality "1"]
[TimeControl "180+2"]

1. c4 c6 2. Nf3 d5 3. b3 Nf6 4. g3 Bf5 5. Bg2 e6 6. d3 h6 7. Bb2 Nbd7 8. O-O Bc5 9. Nbd2 O-O 10. Qc2 a5 11. e4 dxe4 12. dxe4 Bh7 13. Rad1 Qb6 14. h3 a4 15. Ne1 axb3 16. axb3 Bd4 17. Nd3 Bxb2 18. Qxb2 Rfd8 19. Ne5 Nc5 20. Rfe1 Qb4 21. f3 Nfd7 22. Nxd7 Rxd7 23. Nb1 Rad8 24. Rxd7 Qxe1+ 25. Kh2 Rxd7 26. Qa2 Rd8 27. h4 Bg6 28. b4 Nd3 29. b5 Qb4 30. bxc6 bxc6 31. g4 h5 32. g5 Nf4 33. Bf1 Qe1 34. Kg1 Qxh4 35. Qf2 Nh3+ 36. Bxh3 Qxh3 37. Nc3 h4 38. Na4 Qg3+ 39. Qxg3 hxg3 40. Kg2 Bh5 41. Kxg3 Rd3 42. Nc5 Rxf3+ 43. Kg2 Ra3 44. Nd7 Bg6 45. e5 Rc3 46. Nb6 Bd3 47. Kf2 Bxc4 0-1

[Event "11th LCC Super Blitz 2019"]
[Site "London"]
[Date "2019.12.08"]
[Round "1.10"]
[White "Vaidya, Raghav"]
[Black "Zulfic, Fedja"]
[Result "0-1"]
[ECO "A16"]
[WhiteElo "1467"]
[BlackElo "2032"]
[Annotator "NA"]
[PlyCount "80"]
[EventDate "2019.12.08"]
[EventType "swiss"]
[EventCountry "ENG"]
[SourceTitle "playchess.com"]
[Source "ChessBase"]
[SourceQuality "1"]
[TimeControl "180+2"]

1. c4 Nf6 2. Nc3 d5 3. cxd5 Nxd5 4. g3 g6 5. Bg2 Nb6 6. Nf3 Bg7 7. O-O O-O 8. d3 Nc6 9. e4 e5 10. a3 Nd4 11. Be3 Bg4 12. Bxd4 exd4 13. Nb1 c5 14. h3 Bxf3 15. Bxf3 c4 16. Bg2 Rc8 17. dxc4 Nxc4 18. b3 Nb2 19. Qd2 d3 20. Ra2 Rc2 21. Qe3 Bd4 22. Qf4 Qb6 23. b4 Qe6 24. Rxb2 Bxb2 25. Rd1 Rd8 26. Bf1 Qb3 27. Nd2 Qxa3 28. Nc4 Rxc4 29. Qe3 Rcd4 30. Qd2 Bc3 31. Qe3 Qxb4 32. Kg2 a5 33. Bxd3 a4 34. Rb1 Rxd3 35. Qxd3 Rxd3 36. Rxb4 Bxb4 37. f4 a3 38. e5 a2 39. f5 a1=Q 40. e6 Qb2+ 0-1

[Event "11th LCC Super Blitz 2019"]
[Site "London"]
[Date "2019.12.08"]
[Round "1.11"]
[White "Bird, Joel"]
[Black "Essis, Essoh Jean Mathieu C"]
[Result "1-0"]
[ECO "C74"]
[WhiteElo "2009"]
[BlackElo "1438"]
[Annotator "NA"]
[PlyCount "81"]
[EventDate "2019.12.08"]
[EventType "swiss"]
[EventCountry "ENG"]
[SourceTitle "playchess.com"]
[Source "ChessBase"]
[SourceQuality "1"]
[TimeControl "180+2"]

1. e4 e5 2. Nf3 Nc6 3. Bb5 a6 4. Ba4 b5 5. Bb3 d6 6. c3 Bg4 7. O-O Na5 8. Bc2 Be7 9. h3 Bd7 10. d4 exd4 11. cxd4 c6 12. Re1 Nc4 13. b3 Nb6 14. Bf4 Nf6 15. Nc3 O-O 16. a4 Nh5 17. Bh2 c5 18. a5 b4 19. Nb1 Nc8 20. Nbd2 Re8 21. e5 cxd4 22. Nxd4 d5 23. Qxh5 Bc5 24. Qxh7+ Kf8 25. Qh8+ Ke7 26. Qh4+ f6 27. exf6+ Kf7 28. Qh5+ Kg8 29. f7+ Kf8 30. fxe8=Q+ Bxe8 31. Qf3+ Bf7 32. Ne6+ Kg8 33. Nxd8 Nd6 34. Nxf7 Nxf7 35. Be5 Re8 36. Qg3 Nxe5 37. Rxe5 Rxe5 38. Qxe5 Bf8 39. Qe6+ Kh8 40. Bg6 Bc5 41. Qc8+ 1-0

[Event "11th LCC Super Blitz 2019"]
[Site "London"]
[Date "2019.12.08"]
[Round "1.12"]
[White "Stamatopoulos, Apostolos"]
[Black "Manmay Chopra"]
[Result "1-0"]
[ECO "D04"]
[WhiteElo "1782"]
[BlackElo "1354"]
[Annotator "NA"]
[PlyCount "103"]
[EventDate "2019.12.08"]
[EventType "swiss"]
[EventCountry "ENG"]
[SourceTitle "playchess.com"]
[Source "ChessBase"]
[SourceQuality "1"]
[TimeControl "180+2"]

1. d4 Nf6 2. Nf3 d5 3. e3 c5 4. b3 Nc6 5. Bd3 Bg4 6. Bb2 e6 7. O-O cxd4 8. exd4 Bd6 9. Nbd2 Qc7 10. h3 Bh5 11. Qe1 O-O 12. Ne5 Bxe5 13. dxe5 Nd7 14. f4 Bg6 15. Nf3 Qb6+ 16. Kh1 Bxd3 17. cxd3 Nc5 18. Qe2 Qa6 19. Rfd1 Nb4 20. Ne1 Ne4 21. Qf3 Nc5 22. a3 Nc6 23. b4 Na4 24. Qe2 Qb6 25. Nf3 Rac8 26. Qc2 Nxb2 27. Qxb2 Ne7 28. Rac1 Rxc1 29. Rxc1 Rc8 30. Rxc8+ Nxc8 31. Qc3 Qc6 32. Qxc6 bxc6 33. Nd4 Ne7 34. b5 cxb5 35. Nxb5 Nc6 36. Kg1 Kf8 37. Kf2 Ke7 38. Ke3 a6 39. Nc3 Kd7 40. Na4 Nb8 41. Nc5+ Kc6 42. d4 Kb5 43. Kd3 a5 44. Kc3 a4 45. g4 g6 46. Nb7 Nd7 47. Nd6+ Kc6 48. Nxf7 Nb6 49. Ng5 Nc4 50. Kb4 Kd7 51. Kxa4 Nd2 52. Nxh7 1-0

[Event "11th LCC Super Blitz 2019"]
[Site "London"]
[Date "2019.12.08"]
[Round "1.12"]
[White "Muhunthan, Charukgan"]
[Black "Kennedy, Craig"]
[Result "0-1"]
[ECO "B06"]
[WhiteElo "1401"]
[BlackElo "1899"]
[Annotator "NA"]
[PlyCount "70"]
[EventDate "2019.12.08"]
[EventType "swiss"]
[EventCountry "ENG"]
[SourceTitle "playchess.com"]
[Source "ChessBase"]
[SourceQuality "1"]
[TimeControl "180+2"]

1. e4 g6 2. d4 Bg7 3. Be3 d6 4. f3 a6 5. Nc3 b5 6. a3 Nd7 7. Qd2 Bb7 8. Be2 Rc8 9. O-O-O c5 10. d5 Qa5 11. Kb1 b4 12. axb4 Qxb4 13. Re1 Nb6 14. Nd1 Qa4 15. Nc3 Qa5 16. Nd1 Qa4 17. Nc3 Qd7 18. h4 h5 19. g4 Na4 20. Nxa4 Qxa4 21. gxh5 Rxh5 22. f4 Rh8 23. Bf3 Qb5 24. c3 Nf6 25. e5 dxe5 26. fxe5 Nd7 27. e6 Ne5 28. exf7+ Kf8 29. Be4 Nc4 30. Qc2 Na3+ 31. Ka2 Nxc2 32. Bxc2 Bxd5+ 33. Ka1 Rb8 34. Bc1 Qa5+ 35. Kb1 Qa2# 0-1

[Event "11th LCC Super Blitz 2019"]
[Site "London"]
[Date "2019.12.08"]
[Round "1.13"]
[White "Young, Daniel J"]
[Black "Patel, Zain"]
[Result "1-0"]
[ECO "B96"]
[WhiteElo "1947"]
[BlackElo "1253"]
[Annotator "NA"]
[PlyCount "67"]
[EventDate "2019.12.08"]
[EventType "swiss"]
[EventCountry "ENG"]
[SourceTitle "playchess.com"]
[Source "ChessBase"]
[SourceQuality "1"]
[TimeControl "180+2"]

1. e4 c5 2. Nf3 d6 3. d4 cxd4 4. Nxd4 Nf6 5. Nc3 a6 6. Bg5 e6 7. f4 b5 8. e5 dxe5 9. fxe5 Qc7 10. exf6 Qe5+ 11. Be2 Qxg5 12. O-O Nd7 13. Ne4 Qe3+ 14. Kh1 Qxe4 15. Bf3 Qg6 16. Bxa8 Nxf6 17. Bc6+ Bd7 18. Bxd7+ Nxd7 19. Qf3 Bd6 20. Qa8+ Bb8 21. Nc6 h6 22. Nxb8 O-O 23. Qxa6 Rxb8 24. Qa7 Rd8 25. Rad1 Qxc2 26. Rxd7 Rxd7 27. Qxd7 Qxb2 28. Qxf7+ Kh8 29. Qg6 Qa3 30. h3 Qe7 31. Rf7 Qf6 32. Rxf6 gxf6 33. Qxf6+ Kg8 34. Qxe6+ 1-0